 Dungeon Crawl Stone Soup version 0.23.3-3-gaaff5abdbf (webtiles) character file.

Game seed: 7579551310599959769

32 Jango the Grave Robber (level 3, -1/19 HPs)
             Began as a Deep Elf Necromancer on Nov 4, 2021.
             Slain by a jackal (2 damage)
             ... on level 3 of the Dungeon.
             The game lasted 00:32:47 (2947 turns).

Jango the Grave Robber (Deep Elf Necromancer)       Turns: 2947, Time: 00:32:48

Health: -1/19      AC:  8    Str:  5    XL:     3   Next: 8%
Magic:  9/9        EV:  6    Int: 20    God:
Gold:   66         SH:  0    Dex: 17    Spells: 6/8 levels left

rFire    . . .     SeeInvis .   b - +0 dagger
rCold    + . .     Gourm    .   (no shield)
rNeg     . . .     Faith    .   h - +0 scale mail
rPois    .         Spirit   .   (no helmet)
rElec    .         Reflect  .   (no cloak)
rCorr    .         Harm     .   (no gloves)
MR       .....     Clarity  +   (no boots)
Stlth    +.........             (no amulet)
HPRegen  0.06/turn              f - +2 ring of dexterity
MPRegen  0.11/turn              (no ring)

@: no status effects
A: icy blue scales 1, clarity, cold resistance 1, wild magic 1
a: no special abilities


You were on level 3 of the Dungeon.
You were hungry.

You visited 1 branch of the dungeon, and saw 3 of its levels.

You collected 66 gold pieces.

Inventory:

Hand Weapons
 b - a +0 dagger (weapon)
 c - a +0 whip
Missiles
 d - 14 stones
 e - 10 poisoned needles (quivered)
 j - 24 sling bullets
Armour
 a - a +0 robe {hi bitch}
 h - a +0 scale mail (worn)
Jewellery
 f - a +2 ring of dexterity (left hand)
Comestibles
 g - 2 chunks of flesh


   Skills:
 + Level 0.2 Short Blades
 + Level 0.4 Throwing
 + Level 2.8 Dodging
 + Level 2.9 Stealth
 + Level 3.2 Spellcasting
 + Level 5.4 Necromancy


You had 6 spell levels left.
You knew the following spells:

 Your Spells              Type           Power        Failure   Level  Hunger
a - Pain                  Necr           ####         45%         1    None
b - Animate Skeleton      Necr           N/A          45%         1    None

Your spell library contained the following spells:

 Spells                   Type           Power        Failure   Level  Hunger
 Vampiric Draining        Necr           ####......   82%         3    ###....
 Regeneration             Chrm/Necr      ###.......   99%         3    ###....
 Animate Dead             Necr           N/A          99%         4    ####...


Dungeon Overview and Level Annotations

Branches:
Dungeon (3/15)

Altars:

Annotations:
D:2 Sigmund


Innate Abilities, Weirdness & Mutations

You are partially covered in icy blue scales. (AC +2)
You possess an exceptional clarity of mind.
Your flesh is cold resistant. (rC+)
Your spells are a little harder to cast, but a little more powerful.


Message History

You continue putting on your scale mail.
The jackal closely misses you. The jackal barely misses you.
The orc closely misses you. The jackal closely misses you.
You continue putting on your scale mail.
The jackal barely misses you. x2; The orc hits you but does no damage.
The jackal closely misses you.
You continue putting on your scale mail.
The jackal closely misses you. The jackal bites you.
The orc completely misses you.
The jackal bites you but does no damage.
You continue putting on your scale mail.
The jackal bites you but does no damage.
The jackal barely misses you. The orc hits you.
* * * LOW HITPOINT WARNING * * *
The jackal bites you.
* * * LOW HITPOINT WARNING * * *
You finish putting on your +0 scale mail.
The orc shouts!
You hear a shout!
The jackal bites you.
You die...

## .## ...
.. .. ..#
##.###..#
#..#....#
#..#....#
#@..#..###
#hho......
#h......###
#.........
#.......#
#o......+
#.......#
#.......#
#.......#


You could see 2 orcs and 3 jackals.

Vanquished Creatures
  An adder (D:2)
  An ooze (D:2)
  A dart slug (D:1)
  A giant cockroach (D:1)
  3 goblins
  A hobgoblin (D:1)
  3 kobolds
  3 bats (D:1)
  2 frilled lizards (D:1)
  2 rats
18 creatures vanquished.

Notes
Turn   | Place    | Note
-------+----------+-------------------------------------------
     0 | D:1      | Jango the Deep Elf Necromancer began the quest for the Orb.
     0 | D:1      | Reached XP level 1. HP: 10/10 MP: 6/6
   421 | D:1      | Reached skill level 5 in Necromancy
  1172 | D:1      | Reached XP level 2. HP: 15/15 MP: 6/8
  1956 | D:2      | Gained mutation: Your flesh is cold resistant. (rC+)
                  | [potion of mutation]
  1956 | D:2      | Gained mutation: Your spells are a little harder to cast,
                  | but a little more powerful. [potion of mutation]
  1956 | D:2      | Gained mutation: You are partially covered in icy blue
                  | scales. (AC +2) [potion of mutation]
  1956 | D:2      | Gained mutation: You possess an exceptional clarity of
                  | mind. [potion of mutation]
  2345 | D:1      | Learned a level 1 spell: Animate Skeleton
  2584 | D:2      | Reached XP level 3. HP: 9/19 MP: 4/9
  2914 | D:2      | Noticed Sigmund
  2947 | D:3      | Slain by a jackal

Skill      XL: |  1 |
---------------+----+-----
Necromancy     | 5 |  5.4
Short Blades   | |  0.2
Throwing       | |  0.4
Dodging        | |  2.8
Stealth        | |  2.9
Spellcasting   | |  3.2

Action                   || total
-------------------------++-------
Melee: Dagger            ||    23
       Unarmed           ||     4
Throw: Stone             ||     4
 Cast: Pain              ||    35
       Animate Skeleton  ||     1
  Use: Scroll            ||     1
       Potion            ||     1
  Eat: Chunk             ||     2
       Ration            ||     1
Armor: Robe              ||    25
       Skin              ||     4
Dodge: Dodged            ||    76
